 Dungeon Crawl Stone Soup version 0.31-a0-845-g9abc20d24f (webtiles) character file.

Game seed: 2034236423042507580

212 garrulousMonolith the Shield-Bearer (level 5, -2/33 HPs)
             Began as a Gargoyle Fighter on Oct 1, 2023.
             Was an Initiate of Okawaru.
             Slain by Eustachio
             ... wielding a +0 falchion
              (7 damage)
             ... on level 4 of the Dungeon.
             The game lasted 00:02:46 (2795 turns).

garrulousMonolith the Shield-Bearer (GrFi)          Turns: 2795, Time: 00:02:47

Health: -2/33      AC: 12    Str: 19    XL:     5   Next: 89%
Magic:  5/5        EV: 14    Int: 11    God:    Okawaru [......]
Gold:   129        SH:  4    Dex:  9    Spells: 4/4 levels left

rFire   . . .        a - +0 flail
rCold   . . .        c - +0 buckler
rNeg    + . .        b - +0 scale mail
rPois   ∞            (no helmet)
rElec   +            (no cloak)
rCorr   .            (no gloves)
SInv    .            q - +0 pair of boots
Will    .....        (no amulet) Stlth
                     m - +5 ring of evasion
HPRegen 0.25/turn    (no ring)
MPRegen 0.09/turn

%: no passive effects
@: no status effects
A: sickness immunity, AC +4, negative energy resistance 1, electricity
resistance, torment resistance 1, petrification resistance
a: Renounce Religion


You were on level 4 of the Dungeon.
You worshipped Okawaru.
Okawaru was noncommittal.
You visited 2 branches of the dungeon, and saw 5 of its levels.

You collected 199 gold pieces.
You spent 70 gold pieces at shops.

Inventory:

Hand Weapons
 a - a +0 flail (weapon)
Armour
 b - a +0 scale mail (worn)
 c - a +0 buckler (worn)
 q - a +0 pair of boots (worn)
Jewellery
 h - an amulet of magic regeneration
 m - a +5 ring of evasion (left hand)
Scrolls
 e - a scroll of fear
 k - a scroll of blinking
 l - 3 scrolls of fog
 o - 3 scrolls of teleportation
 p - a scroll of amnesia {unknown}
Potions
 d - a potion of might
 f - 2 potions of enlightenment
 g - a potion of haste
 i - a potion of cancellation {unknown}
 j - a potion of mutation {unknown}
 n - a potion of attraction {unknown}


   Skills:
 + Level 4.0 Fighting
 * Level 3.7 Maces & Flails
 + Level 4.1 Armour
 + Level 1.5 Dodging
 + Level 4.1 Shields
 + Level 0.0 Invocations


You had 4 spell levels left.
You didn't know any spells.
Your spell library contained the following spells:

 Spells                   Type           Power      Damage    Failure   Level
 Necrotise                Necr           0%         1d4       78%         1
 Slow                     Hex            0%         N/A       78%         1
 Confusing Touch          Hex            0%         N/A       98%         3
 Sigil of Binding         Hex            0%         N/A       98%         3
 Vampiric Draining        Necr           0%         2d6       98%         3
 Agony                    Necr           0%         N/A       100%        5


Dungeon Overview and Level Annotations

Branches:
Dungeon (4/15)             Temple (1/1) D:4

Altars:
Ashenzari
Cheibriados
Dithmenos
Fedhas
Makhleb
Nemelex Xobeh
Okawaru
Qazlal
Ru
Sif Muna
Uskayaw
Wu Jian
Zin
The Shining One

Shops:
D:2 ?

Annotations:
D:3 2 runed translucent doors
D:4 Eustachio


Innate Abilities, Weirdness & Mutations

You are immune to sickness and miasma.
Your stone body is resilient. (AC +4)
You are immune to poison.
You resist negative energy. (rN+)
You are resistant to electric shocks. (rElec)
You are resistant to unholy torment.
You are immune to petrification.


Message History

There is an entrance to an ossuary on this level.
Hurry and find it before the portal is buried!
Level annotation: Eustachio You hear the slow hiss of a distant avalanche of sand.
The adder closely misses you. Eustachio closely misses you.
The adder closely misses you.
There is a staircase to the Ecumenical Temple here.
You hit Eustachio.
Eustachio is lightly wounded.
The adder misses you.
Eustachio casts a spell.
The adder closely misses you.
Eustachio growls, "To hell with you, honourless miscreant!"
Eustachio hits you but does no damage.
You closely miss Eustachio.
Eustachio is lightly wounded.
The hobgoblin hits you. The ufetubus closely misses you.
The ufetubus hits you but does no damage.
The adder bites you. You block the quasit's attack. The quasit misses you.
The quasit claws you but does no damage.
Eustachio hits you but does no damage.
The hobgoblin hits you but does no damage.
You miss Eustachio.
Eustachio is lightly wounded.
The ufetubus barely misses you. x2; The adder barely misses you.
The quasit bites you but does no damage.
The quasit closely misses you. You block the quasit's attack.
The ufetubus hits you. You block the ufetubus's attack. The adder bites you.
Eustachio screams, "At last I'll have my revenge!"
Eustachio hits you with a +0 falchion.
* * * LOW HITPOINT WARNING * * *
The hobgoblin hits you but does no damage.
The quasit bites you.
* * * LOW HITPOINT WARNING * * *
The quasit claws you.
* * * LOW HITPOINT WARNING * * *
You block the quasit's attack. The ufetubus closely misses you.
You block the ufetubus's attack. The adder misses you.
Eustachio hits you with a +0 falchion!
You die...
Eustachio twirls his moustache.

.# .# ....#
#####.##.#..#
#...<.#.....#
#.#####.#.#.## #
#.####.......#.#
#.##...#.8.#...#
#....#...S...#...
......).#...8@@58...#
....#.....#..g.5..#...
### ##(.....#.8.#.$...
###..........###.
#####.#.#.## #.....#
##.#.## ...# ####


You could see Eustachio, a quasit (summoned), an adder, an ufetubus (summoned)
and a hobgoblin.

Vanquished Creatures
  2 scorpions
  3 adders
  An ufetubus (Temple)
  2 worms
  An orc (D:2)
  4 bats (D:1)
  4 endoplasms
  3 giant cockroaches
  3 goblins
  6 hobgoblins
  2 jackals (D:1)
  3 quokkas
  4 ball pythons
  A frilled lizard (D:1)
  7 kobolds
  7 rats
53 creatures vanquished.

Notes
Turn   | Place    | Note
-------+----------+-------------------------------------------
     0 | D:1      | garrulousMonolith the Gargoyle Fighter began the quest for
                  | the Orb.
     0 | D:1      | Reached XP level 1. HP: 14/14 MP: 1/1
    82 | D:1      | Found a faded altar of an unknown god.
   222 | D:1      | Reached XP level 2. HP: 12/19 MP: 2/2
   710 | D:1      | Reached XP level 3. HP: 23/23 MP: 3/3
  1332 | D:2      | Found Hal Dopu's Magic Scroll Boutique.
  1335 | D:2      | Bought a scroll of teleportation for 42 gold pieces
  1335 | D:2      | Bought a scroll of identify for 28 gold pieces
  1717 | D:2      | Reached XP level 4. HP: 28/28 MP: 4/4
  1740 | D:2      | Reached skill level 1 in Dodging
  1948 | D:3      | Noticed a scorpion
  1959 | D:3      | Killed a scorpion
  1960 | D:3      | Reached XP level 5. HP: 29/33 MP: 5/5
  2298 | D:3      | Found a large runed translucent door.
  2300 | D:3      | Found a large runed translucent door.
  2752 | D:4      | Found a staircase to the Ecumenical Temple.
  2758 | D:4      | Noticed Eustachio
  2762 | Temple   | Entered the Ecumenical Temple
  2783 | Temple   | Became a worshipper of Warmaster Okawaru
  2795 | D:4      | Slain by Eustachio

Illustrated notes

Levels and vault maps discovered:
D:1:      lightli_arrival_farm, layout_basic,
          hellmonk_ecumenical_altar_lost_god, hangedman_decor_clover_reticule,
          wad_floor_pattern_2
D:2:      layout_basic, serial_shops, nicolae_shop_rolled_up
D:3:      layout_basic, jmf_multi_god_temple2, minmay_misc_feat_columns
D:4:      layout_loops_ring, minmay_temple_entry_sparse_star, enter_ossuary_4,
          kennysheep_generic_room_4, uniq_eustachio, uniq_edmund
Temple:   zaba_magenta_temple

Skill      XL: |  1  2  3  4  5 |
---------------+----------------+-----
Dodging        | 1 |  1.5
Maces & Flails | 3 |  3.7
Shields        | 4 |  4.1
Fighting       | 4 |  4.0
Armour         | 4 |  4.1

Action                     |  1- 3 |  4- 6 || total
---------------------------+-------+-------++-------
  Melee: Flail             |   122 |    72 ||   194
    Use: Scroll            |     3 |     2 ||     5
 Armour: Scale mail        |    77 |    70 ||   147
  Dodge: Dodged            |    62 |   100 ||   162
  Block: Buckler           |    25 |    29 ||    54

Table legend: (Time is in decaauts)
 A = Elapsed time spent in this place.
 B = Non-inter-level travel time spent in this place.
 C = Inter-level travel time spent in this place.
 D = Time resting spent in this place.
 E = Time spent auto-exploring this place.
 F = Levels seen in this place.
 G = Mean time per level.
                   A        B        C        D        E       F      G
               +--------+--------+--------+--------+--------+-----+--------+
         Total |   2872 |   2810 |     62 |     37 |   2287 |   5 |  574.4 |
       Dungeon |   2840 |   2778 |     62 |     37 |   2287 |   4 |  710.0 |
        Temple |     32 |     32 |      0 |      0 |      0 |   1 |   32.0 |
               +--------+--------+--------+--------+--------+-----+--------+

Top non-repeatable levels by time:
     D:2: 1036 daAuts
     D:1: 938 daAuts
     D:3: 844 daAuts
  Temple: 32 daAuts
     D:4: 22 daAuts
